 Dungeon Crawl Stone Soup version 0.19.1 (webtiles) character file.

769 Ladykiller69 the Caller (level 7, -9/36 HPs)
             Began as a Deep Elf Wizard on Dec 9, 2016.
             Killed from afar by an electric eel (14 damage)
             ... with a bolt of electricity
             ... on level 7 of the Dungeon.
             The game lasted 00:16:54 (4050 turns).

Ladykiller69 the Caller (Deep Elf Wizard)           Turns: 4050, Time: 00:16:55

Health: -9/36      AC:  2    Str:  4      XL:     7   Next: 52%
Magic:  1/16       EV: 18    Int: 25      God:
Gold:   174        SH:  0    Dex: 12 (18) Spells: 6 memorised, 3 levels left

rFire  . . .     SeeInvis .     t - +0 dagger
rCold  . . .     Gourm    .     a - +0 robe
rNeg   . . .     Faith    .     (no shield)
rPois  .         Spirit   .     b - +0 hat
rElec  .         Reflect  .     (no cloak)
rCorr  .         Harm     .     (no gloves)
MR     .....                    (no boots)
Stlth  +++.......               (no amulet)
                                (no ring)
                                (no ring)

@: agile
A: no striking features
a: no special abilities


You were on level 7 of the Dungeon.
You were very hungry.

You visited 1 branch of the dungeon, and saw 6 of its levels.

You collected 174 gold pieces.

Inventory:

Hand Weapons
 t - a +0 dagger (weapon)
Missiles
 n - 7 javelins of returning (quivered)
Armour
 a - a +0 robe (worn)
 b - a +0 hat (worn)
Jewellery
 q - an uncursed ring of protection from fire {unknown}
 y - an uncursed amulet of magic regeneration {unknown}
Scrolls
 e - 2 scrolls of identify {unknown}
 g - a scroll of fog {unknown}
 i - a scroll of fear {unknown}
 j - 4 scrolls of enchant weapon {unknown}
 m - 3 scrolls of random uselessness {unknown}
 o - 8 scrolls of remove curse {unknown}
 p - a scroll of magic mapping {unknown}
 r - a scroll of immolation {unknown}
 w - 2 scrolls of blinking {unknown}
 x - a scroll of holy word {unknown}
 C - a scroll of enchant armour {unknown}
Potions
 h - a potion of ambrosia {unknown}
 k - 2 potions of agility
 s - a potion of lignification {unknown}
 u - a potion of berserk rage {unknown}
 v - 2 potions of cure mutation {unknown}
 A - a potion of curing {unknown}
 B - a potion of resistance {unknown}
Books
 c - a book of Minor Magic

   Spells                             Type                      Level
   a - Magic Dart                     Conjuration                  1
   b - Blink                          Translocation                2
   c - Call Imp                       Summoning                    2
   d - Repel Missiles                 Charms/Air                   2
   e - Slow                           Hexes                        2
   f - Conjure Flame                  Conjuration/Fire             3
   g - Mephitic Cloud                 Conjuration/Poison/Air       3
Comestibles
 d - 2 bread rations
 f - 4 beef jerkies
 l - 2 slices of pizza
 z - a fruit


   Skills:
 - Level 3.0 Dodging
 - Level 3.0 Stealth
 - Level 5.0 Spellcasting
 - Level 6.0 Conjurations
 + Level 6.3 Summonings
 - Level 1.1 Translocations


You had 3 spell levels left.
You knew the following spells:

 Your Spells              Type           Power        Failure   Level  Hunger
a - Magic Dart            Conj           ####         1%          1    None
b - Call Imp              Summ           #####...     1%          2    None
c - Mephitic Cloud        Conj/Pois/Air  ###.....     12%         3    ##.....
d - Conjure Flame         Conj/Fire      ###.....     10%         3    ##.....
e - Repel Missiles        Chrm/Air       #.....       14%         2    None
f - Blink                 Tloc           N/A          10%         2    None


Dungeon Overview and Level Annotations

Branches:
Dungeon (7/15)
 Temple: D:4-7

Altars:
Cheibriados
Fedhas
Gozag
Uskayaw
Xom
Zin
The Shining One


Message History

The quasit bites you.
* * * LOW HITPOINT WARNING * * *
The quasit barely misses you. The quasit claws you.
* * * LOW HITPOINT WARNING * * *
Your white imp gestures at the quasit.
The puff of frost hits the quasit.
The quasit resists.
Casting: Call Imp
Confirm with . or Enter, or press ? or * to list all spells.
You blink.
An electric eel and a skeleton come into view.
Found 3 javelins.
It was a potion of agility.
You feel agile all of a sudden.
The quasit bites something but does no damage.
The quasit barely misses something. x2; The quasit completely misses something.
The quasit claws something but does no damage.
The quasit claws something.
The electric eel shoots out a bolt of lightning at you!
The bolt of electricity hits you!
You die...

#.# #Z# .......... ##
#.# #......... .####
#.# #......... ....#
#.# #.........
5##.####5######.......
....##...5....#.Z...#
.#####..♣♣♣♣♣......#
.#.....♣♣ ♣.@..#
<#.#..♣♣ ♣;...#
##5..♣♣ ≈≈≈♣..# ...♣♣♣
P..≈≈ ..#
##.≈≈≈≈.≈....... ...
#.............. .(..
##............≈ ≈♣≈≈#
..≈.≈..≈≈≈≈≈≈ P≈≈≈♣
..≈≈≈≈


You could see an electric eel, a quasit and a jackal skeleton.

Vanquished Creatures
  The ghost of XO4YCPATb the Changer, an amateur MfTm (D:4)
  Sigmund (D:2)
  Eustachio (D:3)
  An ogre (D:4)
  A scorpion (D:4)
  A hound (D:4)
  Robin (D:2)
  A gnoll (D:1)
  6 adders
  An ooze (D:3)
  A worm (D:4)
  A dart slug (D:1)
  4 leopard geckos
  An orc (D:3)
  2 ball pythons
  5 giant cockroaches
  8 hobgoblins
  6 jackals (D:1)
  3 quokkas (D:2)
  9 bats
  7 frilled lizards
  16 goblins
  7 kobolds
  10 rats
95 creatures vanquished.

Vanquished Creatures (collateral kills)
  A quokka (D:7)
1 creature vanquished.

Grand Total: 96 creatures vanquished

Notes
Turn   | Place    | Note
-------+----------+-------------------------------------------
     0 | D:1      | Ladykiller69 the Deep Elf Wizard began the quest for the Orb.
     0 | D:1      | Reached XP level 1. HP: 10/10 MP: 7/7
   193 | D:1      | Reached XP level 2. HP: 15/15 MP: 5/9
   585 | D:1      | Reached XP level 3. HP: 18/19 MP: 1/11
   910 | D:1      | Learned a level 2 spell: Call Imp
   914 | D:1      | Learned a level 3 spell: Mephitic Cloud
   918 | D:1      | Learned a level 3 spell: Conjure Flame
   921 | D:1      | Learned a level 2 spell: Repel Missiles
  1242 | D:2      | Found a faded altar of an unknown god.
  1248 | D:2      | Noticed Robin
  1279 | D:2      | Reached skill level 5 in Spellcasting
  1620 | D:2      | Found a hide-covered altar of Uskayaw.
  1637 | D:2      | Noticed Sigmund
  1663 | D:2      | Killed Sigmund
  1663 | D:2      | Reached skill level 5 in Conjurations
  1663 | D:2      | Reached XP level 4. HP: 24/24 MP: 3/13
  1663 | D:2      | Reached XP level 5. HP: 28/28 MP: 3/14
  1777 | D:2      | Found a snail-covered altar of Cheibriados.
  1779 | D:2      | Found an opulent altar of Gozag.
  1779 | D:2      | Found a shimmering altar of Xom.
  1779 | D:2      | Found a glowing silver altar of Zin.
  1913 | D:2      | Killed Robin
  2338 | D:2      | Learned a level 2 spell: Blink
  2393 | D:3      | Reached XP level 6. HP: 32/32 MP: 6/15
  2602 | D:3      | Found a blossoming altar of Fedhas.
  2656 | D:3      | Found a glowing golden altar of the Shining One.
  2935 | D:4      | Noticed Eustachio
  3289 | D:3      | Killed Eustachio
  3575 | D:4      | Reached skill level 5 in Summonings
  3575 | D:4      | Reached XP level 7. HP: 36/36 MP: 4/16
  3786 | D:4      | Noticed XO4YCPATb's ghost (amateur MfTm)
  3853 | D:4      | Killed XO4YCPATb's ghost
  3990 | D:4      | You fall through a shaft for 2 floors!
  4050 | D:7      | Killed from afar by an electric eel

Skill      XL: |  1  2  3  4  5  6  7 |
---------------+----------------------+-----
Stealth        | 3 |  3.0
Conjurations   | 2 5 6 |  6.0
Dodging        | 3 |  3.0
Spellcasting   | 5 |  5.0
Summonings     | 5 6 |  6.3
Translocations | |  1.1

Action                   |  1- 3 |  4- 6 |  7- 9 || total
-------------------------+-------+-------+-------++-------
Melee: Dagger            |    14 |    43 |     3 ||    60
       Unarmed           |     1 |       |       ||     1
 Cast: Magic Dart        |    95 |   102 |    18 ||   215
       Mephitic Cloud    |     1 |    10 |     3 ||    14
       Call Imp          |     1 |     4 |     6 ||    11
       Conjure Flame     |       |     1 |     2 ||     3
       Repel Missiles    |       |     1 |       ||     1
       Blink             |       |       |     1 ||     1
  Use: Potion            |       |       |     1 ||     1
 Stab: Confused          |     3 |     6 |     1 ||    10
  Eat: Chunk             |     2 |     6 |     1 ||     9
Armor: Robe              |     2 |     3 |    19 ||    24
Dodge: Dodged            |    21 |    26 |    39 ||    86
       Deflected         |       |       |     2 ||     2
